 Dungeon Crawl Stone Soup version 0.30-b1-2-g02819fbbbe (webtiles) character file.

Game seed: 326761546196203928

3083 raph the Summoner (level 9, 0/39 HPs)
             Began as a Felid Summoner on Oct 15, 2023.
             Was an Initiate of Gozag.
             Slain by a thrashing horror (12 damage)
             ... on level 2 of the Abyss.
             The game lasted 00:33:35 (12124 turns).

raph the Summoner (Felid Summoner)                 Turns: 12124, Time: 00:33:36

Health: 0/39       AC:  2    Str:  4    XL:     9   Next: 58%
Magic:  19/19      EV: 23    Int: 20    God:    Gozag
Gold:   575        SH:  0    Dex: 24    Spells: 3/20 levels left
                                        Lives:  0   Deaths: 2

rFire   . . .        (weapon unavailable)
rCold   . . .        (shield unavailable)
rNeg    . . .        (body armour unavailable)
rPois   +            (helmet unavailable)
rElec   .            (cloak unavailable)
rCorr   .            (gloves unavailable)
SInv    +            (boots unavailable)
Will    +....        (no amulet)
Stlth   ++++         g - +6 ring of dexterity
HPRegen 0.26/turn    n - ring of poison resistance
MPRegen 0.16/turn

%: no passive effects
@: about to teleport, quick
A: very small, claws 1, fangs 3, see invisible, speed 1, shaggy fur 2, stealthy
paws, no weapons or thrown items, no armour, multi-lived
a: Renounce Religion, Potion Petition, Call Merchant, Bribe Branch


You were on level 2 of the Abyss.
You worshipped Gozag.
Gozag was pleased with you.
You visited 2 branches of the dungeon, and saw 10 of its levels.
You visited the Abyss 1 time.

You collected 931 gold pieces.
You spent 210 gold pieces at shops.
You paid 146 gold pieces to Gozag.

Inventory:

Jewellery
 g - a +6 ring of dexterity (left paw)
 n - a ring of poison resistance (right paw)
 p - an amulet of guardian spirit
 q - a ring of ice
Wands
 f - a wand of charming (13)
 h - a wand of mindburst (44)
 r - a wand of acid (12)
 u - a wand of polymorph (13)
Scrolls
 b - 5 scrolls of identify
 c - 2 scrolls of fear
 e - 5 scrolls of teleportation
Potions
 a - 3 potions of magic
 d - a potion of cancellation
 i - 2 potions of resistance
 j - 3 potions of lignification
 k - 3 potions of attraction
 l - a potion of heal wounds
 m - a potion of curing
 o - a potion of brilliance
 s - 2 potions of might
 t - 2 potions of haste {unknown}
 v - a potion of flight {unknown}


   Skills:
 + Level 4.5 Fighting
 + Level 6.6 Dodging
 + Level 7.2 Stealth
 + Level 6.3 Spellcasting
 + Level 4.7 Hexes
 * Level 10.7 Summonings
 - Level 1.5 Necromancy
 * Level 6.5 Air Magic


You had 3 spell levels left.
You knew the following spells:

 Your Spells              Type           Power      Damage    Failure   Level
a - Summon Small Mammal   Summ           100%       N/A       1%          1
b - Call Imp              Summ           98%        N/A       1%          2
c - Call Canine Familiar  Summ           49%        N/A       1%          3
d - Summon Guardian Gole  Hex/Summ       37%        N/A       1%          3
e - Summon Lightning Spi  Summ/Air       41%        N/A       2%          4
f - Necrotise             Necr           48%        1d6       5%          1
g - Tukima's Dance        Hex            25%        N/A       4%          3

Your spell library contained the following spells:

 Spells                   Type           Power      Damage    Failure   Level
 Swiftness                Air            32%        N/A       1%          3
 Confusing Touch          Hex            25%        N/A       4%          3
 Ensorcelled Hibernation  Hex/Ice        30%        N/A       6%          2
 Kiss of Death            Conj/Necr      36%        2d8       8%          1
 Sublimation of Blood     Necr           12%        N/A       8%          2
 Passwall                 Tmut/Erth      5%         N/A       16%         2
 Vampiric Draining        Necr           12%        2d6       16%         3
 Leda's Liquefaction      Hex/Erth       7%         N/A       36%         4
 Dispel Undead            Necr           12%        3d9       45%         4
 Passage of Golubria      Tloc           6%         N/A       69%         4
 Petrify                  Tmut/Erth      6%         N/A       69%         4
 Yara's Violent Unravell  Hex/Tmut       7%         3d5       71%         5
 Agony                    Necr           12%        N/A       82%         5
 Fireball                 Conj/Fire      3%         3d4       95%         5
 Irradiate                Conj/Tmut      3%         3d12      95%         5
 Iskenderun's Battlesphe  Conj           6%         2d6       95%         5
 Lee's Rapid Deconstruct  Erth           3%         3d5*      95%         5
 Conjure Ball Lightning   Conj/Air       9%         3x3d6     99%         6
 Statue Form              Tmut/Erth      4%         N/A       100%        6
 Orb of Destruction       Conj           3%         9d5       100%        7


Dungeon Overview and Level Annotations

Branches:
Dungeon (9/15)             Temple (1/1) D:7
   Lair: D:8-11         Orc: D:9-12

Altars:
Ashenzari
Cheibriados
Dithmenos
Elyvilon
Fedhas
Gozag
Hepliaklqana
Kikubaaqudgha
Makhleb
Nemelex Xobeh
Okawaru
Qazlal
Ru
Sif Muna
Trog
Uskayaw
Vehumet
Wu Jian
Xom
Yredelemnul
The Shining One

Shops:
D:3 [   D:4 ?*(!   D:7 :

Annotations:
D:9 Erolcha


Innate Abilities, Weirdness & Mutations

You have sharp claws.
You have razor-sharp teeth.
You have supernaturally acute eyesight. (SInv)
You cover ground quickly. (Speed+)
You are covered in thick fur. (AC +2)
Your paws help you pounce on unaware monsters.
You are incapable of wielding weapons or throwing items.
You cannot wear armour.
You gain extra lives every three experience levels.


Message History

Erolcha points at you and mumbles some strange words.
You are cast into the Abyss!
This branch contains the abyssal rune of Zot.
Found a gateway leading deeper into the Abyss.
Press: ? - help, v - describe, . - travel A gateway leading deeper into the Abyss.
Unknown command.
Found a corrupted altar of Lugonu.
You start resting.
HP restored.
You start resting.
Magic restored.
A thrashing horror comes into view.
The thrashing horror moves out of view.
A thrashing horror comes into view.
The thrashing horror tramples you!
You hold your ground!
The thrashing horror tramples you.
You hold your ground!
As you read the scroll of teleportation, it crumbles to dust.
You feel strangely unstable.
You feel the power of the Abyss delaying your translocation!
The thrashing horror misses you.
The thrashing horror completely misses you.
The thrashing horror misses you. The thrashing horror tramples you.
You stumble backwards!
The thrashing horror closely misses you.
The thrashing horror tramples you.
You stumble backwards!
The thrashing horror tramples you.
* * * LOW HITPOINT WARNING * * *
You stumble backwards!
A small abomination comes into view.
An iron imp comes into view.
Press: ? - help, v - describe, . - travel A gateway leading deeper into the Abyss.
The thrashing horror attacks as you move away!
The thrashing horror completely misses you. x2
The thrashing horror barely misses you. The thrashing horror misses you.
The thrashing horror attacks as you move away!
The thrashing horror closely misses you.
The thrashing horror misses you. The thrashing horror tramples you!
You die...
Your body crumbles into a pile of gold.

~# #. ..... ~. .
#......#.# . ~
~.#......##### ≈
≈~.#.~....##.### #
##.##..#....#.>.##
#. .........##.###
#.#.#....#.#.###.
# #.#....##....##
### #..#.....#X@.#
# .##..∩ #.#..X.##
#. .#.#....#.#.#
####..##.#...#..#
#..##.. ..#...##5.
###...#.#####.##
#.x. .. #. ### #.#
### .. ### ### .
#.


You could see 2 thrashing horrors and an iron imp (wandering).

Vanquished Creatures
  A wyvern (D:8)
  A steam dragon (D:8)
  A phantom (D:7)
  A centaur (D:8)
  A bullfrog (D:9)
  An orc wizard (D:3)
  A river rat (D:3)
  A shadow imp (D:5)
  2 orcs
  An endoplasm (D:1)
  A goblin (D:1)
  4 hobgoblins
  A jackal (D:1)
  A quokka (D:3)
  A bat (D:1)
  A frilled lizard (D:2)
  2 kobolds
  2 rats (D:3)
24 creatures vanquished.

Vanquished Creatures (collateral kills)
  Pikel (D:7)
  A hornet (D:8)
  A shadow (D:6)
  Sigmund (D:5)
  3 wyverns
  2 yaks (D:9)
  A steam dragon (D:7)
  A water moccasin (D:8)
  An orc warrior (D:9)
  2 ogres
  A centaur (D:6)
  4 phantoms
  4 lemures (D:7)
  2 kobold brigands
  Blork the orc (D:5)
  3 bullfrogs
  2 gnoll sergeants
  A scorpion (D:4)
  7 wights (D:8)
  3 jellies
  A howler monkey (D:5)
  5 hounds
  A quasit (D:5)
  Crazy Yiuf (D:6)
  3 orc priests
  2 sleepcaps
  A gnoll bouda (D:7)
  An iguana (D:7)
  2 orc wizards
  13 gnolls
  3 river rats (D:3)
  5 adders
  2 shadow imps (D:5)
  2 white imps (D:7)
  3 ufetubi
  4 worms (D:3)
  3 dart slugs
  18 orcs
  4 bats
  4 endoplasms
  A giant cockroach (D:1)
  9 goblins
  5 hobgoblins
  6 jackals
  9 kobolds
  6 quokkas
  3 ball pythons
  5 frilled lizards
  9 rats
173 creatures vanquished.

Vanquished Creatures (others)
  4 dancing weapons
  A troll (D:6)
  4 yaks
  An acid dragon (D:6)
  3 orc warriors
  2 black bears (D:5)
  An ice beast (D:6)
  A centaur (D:5)
  A kobold brigand (D:8)
  A gnoll sergeant (D:9)
  3 wights (D:8)
  A jelly (D:6)
  An orc priest (D:6)
  An orc wizard (D:9)
  2 gnolls (D:9)
  2 orcs
  A kobold (D:7)
  3 demonic plants (D:5)
33 creatures vanquished.

Grand Total: 230 creatures vanquished

Notes
Turn   | Place    | Note
-------+----------+-------------------------------------------
     0 | D:1      | raph the Felid Summoner began the quest for the Orb.
     0 | D:1      | Reached XP level 1. HP: 7/7 MP: 4/4
   316 | D:1      | Reached XP level 2. HP: 3/11 MP: 3/6
   531 | D:1      | Learned a level 2 spell: Call Imp
   935 | D:1      | Reached skill level 5 in Summonings
   939 | D:1      | Reached XP level 3. HP: 7/14 MP: 1/7
   943 | D:1      | Learned a level 3 spell: Call Canine Familiar
  2231 | D:3      | Reached XP level 4. HP: 11/18 MP: 0/8
  2356 | D:3      | Found Noepripawk's Antique Armour Shoppe.
  2498 | D:3      | Found a broken altar of Ashenzari.
  2838 | D:3      | Reached XP level 5. HP: 21/21 MP: 7/10
  2862 | D:3      | Reached skill level 6 in Summonings
  3413 | D:3      | Found a faded altar of an unknown god.
  3503 | D:4      | Found Nuemokuo's Magic Scroll Emporium.
  3511 | D:4      | Bought a scroll of fear for 56 gold pieces
  3564 | D:4      | Bought a scroll of identify for 28 gold pieces
  3564 | D:4      | Bought a scroll of identify for 28 gold pieces
  3645 | D:4      | Found Zukius's Assorted Antiques.
  3654 | D:4      | Bought a fuming coppery potion for 28 gold pieces
  3675 | D:4      | Learned a level 3 spell: Summon Guardian Golem
  3697 | D:4      | Noticed a phantom
  3720 | D:4      | Killed a phantom
  3721 | D:4      | Gained mutation: You are covered in thick fur. (AC +2)
                  | [Felid growth]
  3721 | D:4      | Reached XP level 6. HP: 24/24 MP: 6/12
  3800 | D:4      | Found the +6 shillelagh "Devastator" {shatter}
  3827 | D:4      | Identified the +1 whip of Ynee {freeze, rCorr Int+3}
  3933 | D:4      | Found Jiekheng's Distillery.
  3943 | D:4      | Bought a potion of curing for 30 gold pieces
  3953 | D:4      | Found Mis Mizo's Weapon Boutique.
  4131 | D:5      | Entered Level 5 of the Dungeon
  4142 | D:5      | Reached skill level 7 in Summonings
  4284 | D:5      | Reached XP level 7. HP: 27/27 MP: 1/14
  4590 | D:4      | Bought a potion of brilliance for 40 gold pieces
  4618 | D:4      | Learned a level 4 spell: Summon Lightning Spire
  4697 | D:5      | Noticed Blork the orc
  4728 | D:5      | Killed Blork the orc
  4729 | D:5      | Reached skill level 8 in Summonings
  4729 | D:5      | Reached skill level 1 in Air Magic
  4953 | D:5      | Noticed a wyvern
  5017 | D:5      | Noticed Sigmund
  5029 | D:5      | Killed Sigmund
  5161 | D:5      | Reached XP level 8. HP: 16/31 MP: 4/16
  5526 | D:5      | Reached skill level 1 in Fighting
  5955 | D:6      | Found a burning altar of Makhleb.
  6025 | D:6      | Identified the +5 quarterstaff of Meoluit {flame, Drain rF+
                  | rN+ rCorr Str+3}
  6188 | D:6      | Noticed a troll
  6209 | D:6      | Killed a troll
  6210 | D:6      | Reached skill level 5 in Spellcasting
  6226 | D:6      | Reached skill level 9 in Summonings
  6245 | D:6      | Reached XP level 9. HP: 36/36 MP: 4/17
  6247 | D:6      | Learned a level 1 spell: Necrotise
  6586 | D:6      | Reached skill level 5 in Stealth
  6843 | D:6      | Learned a level 3 spell: Tukima's Dance
  7059 | D:6      | Found a runed translucent door.
  7060 | D:6      | Noticed Crazy Yiuf
  7305 | D:6      | Killed Crazy Yiuf
  7339 | D:6      | Identified the +6 hammer "Plog" {venom, Str+5}
  7743 | D:7      | Reached skill level 5 in Dodging
  7743 | D:7      | Reached skill level 1 in Hexes
  7746 | D:7      | Found Alocyish's Vocational Training.
  7751 | D:7      | Found a flagged portal.
  7839 | D:7      | Noticed Pikel
  7850 | D:7      | Killed Pikel
  7851 | D:7      | Reached skill level 1 in Necromancy
  7851 | D:7      | Reached skill level 5 in Air Magic
  8172 | D:7      | Reached skill level 10 in Summonings
  8300 | D:7      | Found a staircase to the Ecumenical Temple.
  8380 | Temple   | Entered the Ecumenical Temple
  8424 | Temple   | Became a worshipper of Gozag Ym Sagoz the Greedy
  8641 | D:7      | Reached XP level 10. HP: 19/42 MP: 9/19
  9609 | D:8      | Mangled by a wyvern
  9610 | D:8      | Reached XP level 9. HP: -5/39 MP: 16/18
 10239 | D:8      | Shot with a sling bullet by an orc warrior
 10240 | D:8      | Reached XP level 8. HP: -6/36 MP: 1/18
 10373 | D:8      | Killed a hornet
 10475 | D:8      | Reached XP level 9. HP: 28/39 MP: 5/19
 10886 | D:9      | Noticed Erolcha
 12021 | Abyss:2  | Cast into level 2 of the Abyss (Erolcha)
 12022 | Abyss:2  | Found a corrupted altar of Lugonu.
 12106 | Abyss:2  | Noticed a thrashing horror
 12108 | Abyss:2  | Noticed a thrashing horror
 12124 | Abyss:2  | Slain by a thrashing horror

Illustrated notes

Levels and vault maps discovered:
D:1:      minmay_arrival_arboretum_small, layout_loops_ring,
          minmay_misc_feat_nine_boxes
D:2:      layout_basic
D:3:      layout_rooms, cheibrodos_ashenzari_chains, serial_shops, shop,
          dreamdust_ecumenical_altar_hidden_monk_grotto,
          lightli_sewer_entry_pipes
D:4:      layout_cave_pools, serial_shops, nicolae_shop_pleasant_corner_grove,
          shop, shop, nicolae_shop_trees
D:5:      kennysheep_big_flooded_room, layout_gridville, serial_demonic,
          serial_demonic_e, serial_demonic_d, serial_demonic_e,
          serial_demonic_d, uniq_blork_the_orc, uniq_sigmund
D:6:      wad_guarded_room, layout_loops_ring, mainiacjoe_overflow_boulevard,
          uniq_crazy_yiuf_cottage
D:7:      layout_rooms, minmay_temple_entry_hall, enter_bailey_5,
          grunt_ministairs_11, nicolae_shop_vocational, uniq_pikel
D:8:      layout_rooms, kennysheep_generic_room_6
D:9:      layout_layer_cave, mainiacjoe_overflow_six_doors_small,
          solitary_fountain, uniq_erolcha
Temple:   hellmonk_temple_of_storms
Abyss:2:  base: D:2, evilmike_abyss_exit_glass

Skill      XL: |  1  2  3  4  5  6  7  8  9 10 |
---------------+-------------------------------+-----
Summonings     | 5 6 7 8 9 10 | 10.7
Spellcasting   | 3 4 5 6 |  6.3
Air Magic      | 2 4 6 |  6.5
Dodging        | 4 6 |  6.6
Stealth        | 4 7 |  7.2
Fighting       | 2 4 |  4.5
Hexes          | 4 2 3 |  4.7
Necromancy     | 1 |  1.5

Action                     |  1- 3 |  4- 6 |  7- 9 | 10-12 || total
---------------------------+-------+-------+-------+-------++-------
  Melee: Unarmed           |    29 |    57 |    71 |     5 ||   162
         Bite              |     2 |     8 |    13 |     1 ||    24
   Cast: Summon Small Mamm |    65 |    27 |    59 |    10 ||   161
         Call Imp          |    16 |    18 |    38 |     9 ||    81
         Call Canine Famil |     5 |    15 |    36 |     6 ||    62
         Summon Guardian G |       |     4 |    39 |    10 ||    53
         Necrotise         |       |       |    20 |       ||    20
         Tukima's Dance    |       |       |    13 |       ||    13
         Summon Lightning  |       |       |    12 |     3 ||    15
  Evoke: Wand              |       |       |       |     1 ||     1
    Use: Scroll            |       |     7 |    16 |       ||    23
         Potion            |       |       |     1 |       ||     1
   Stab: Distracted        |     2 |     1 |     1 |       ||     4
         Sleeping          |     2 |     3 |     4 |       ||     9
 Armour: Skin              |     3 |     5 |     7 |       ||    15
  Dodge: Dodged            |    34 |    54 |   210 |     5 ||   303
